 Dungeon Crawl Stone Soup version 0.29-a0-1009-g60c99734e7 (webtiles) character file.

Game seed: 5170621670867156067

107 leavemydog the Conjurer (level 4, -3/24 HPs)
             Began as a Deep Elf Conjurer on Aug 8, 2022.
             Slain by an orc
             ... wielding a +0 hand axe
              (4 damage)
             ... on level 3 of the Dungeon.
             The game lasted 00:01:58 (2137 turns).

leavemydog the Conjurer (Deep Elf Conjurer)         Turns: 2137, Time: 00:01:58

Health: -3/24      AC:  2    Str:  6    XL:     4   Next: 57%
Magic:  4/12       EV:  9    Int: 23    God:
Gold:   115        SH:  0    Dex: 13    Spells: 4/11 levels left

rFire   . . .      SeeInvis .   h - +0 dagger
rCold   . . .      Faith    .   (no shield)
rNeg    . . .      Spirit   .   a - +0 robe
rPois   .          Reflect  .   (no helmet)
rElec   .          Harm     .   (no cloak)
rCorr   .          Rampage  .   (no gloves)
Will    .....                   (no boots)
Stlth   ++........              (no amulet)
HPRegen 0.08/turn               (no ring)
MPRegen 0.13/turn               (no ring)

@: hasted, constricted, very quick
A: no striking features
a: no special abilities


You were on level 3 of the Dungeon.
You visited 1 branch of the dungeon, and saw 3 of its levels.

You collected 115 gold pieces.

Inventory:

Hand Weapons
 h - a +0 dagger (weapon)
Armour
 a - a +0 robe (worn)
Scrolls
 d - 4 scrolls of identify
 j - a scroll of summoning {unknown}
Potions
 b - a potion of magic
 c - 2 potions of attraction
 g - a potion of lignification {unknown}
 i - a potion of brilliance {unknown}


   Skills:
 - Level 2.4 Dodging
 - Level 2.4 Stealth
 + Level 4.2 Spellcasting
 + Level 6.0 Conjurations
 * Level 0.5 Translocations


You had 4 spell levels left.
You knew the following spells:

 Your Spells              Type           Power      Damage    Failure   Level
a - Magic Dart            Conj           100%       1d8       1%          1
b - Searing Ray           Conj           64%        2d6       1%          2
c - Iskenderun's Mystic   Conj/Tloc      20%        2d6       26%         4

Your spell library contained the following spells:

 Spells                   Type           Power      Damage    Failure   Level
 Dazzling Flash           Conj/Hex       36%        N/A       9%          3
 Fulminant Prism          Conj/Hex       9%         3d7       28%         4


Dungeon Overview and Level Annotations

Branches:
Dungeon (3/15)

Altars:
Ashenzari


Message History

The orc hits you but does no damage.
The orc wizard hits you with a +0 dagger.
The magic dart hits the orc wizard.
You kill the orc wizard!
The orc barely misses you. The orc hits you with a +0 hand axe.
Your Conjurations skill increases to level 6!
The magic dart hits the orc.
The orc is lightly wounded.
The orc hits you with a +0 club. The orc hits you but does no damage.
The magic dart hits the orc.
The orc is moderately wounded.
The orc closely misses you. x2; The ball python barely misses you.
The ball python closely misses you.
The magic dart hits the orc.
The orc is almost dead.
The ball python bites you. The ball python barely misses you.
The orc barely misses you. The orc misses you.
You are too injured to fight recklessly!
You are too injured to fight recklessly!
You are too injured to fight recklessly!
Casting: Magic Dart (safe; 1% risk of failure)
Confirm with . or Enter, or press ? or * to list all spells.
Aiming: Magic Dart (safe; 1% risk of failure)
Press: ? - help, Shift-Dir - straight line, f/p - orc
Aim: an orc, wielding a +0 hand axe and wearing a +0 leather armour (almost dead, 100% to hit)
The magic dart hits the orc but does no damage.
The orc is almost dead.
The ball python barely misses you. The ball python grabs you.
The ball python constricts you. The orc hits you with a +0 hand axe.
The orc hits you with a +0 club.
* * * LOW HITPOINT WARNING * * *
The ball python bites you.
* * * LOW HITPOINT WARNING * * *
The ball python constricts you.
* * * LOW HITPOINT WARNING * * *
It was a potion of haste.
You feel yourself speed up. The orc hits you with a +0 club.
* * * LOW HITPOINT WARNING * * *
The orc hits you with a +0 hand axe.
You die...

#......## #..
........##..
....†#......# #
............#### ..
#........ ..... .#
#......>##..... ..
#..........######
.#.##
#.<........S.#......
#.#S.......o@.......
#.##.......o).......
.. #.........#......
...
#..........##.#..
<... ........... ...
..... ............
..
.................##
. .#.........#
#########..


You could see 2 orcs and a ball python.

Vanquished Creatures
  An orc wizard (D:3)
  3 adders (D:2)
  5 worms (D:2)
  A dart slug (D:2)
  An orc (D:3)
  5 ball pythons
  A bat (D:2)
  An endoplasm (D:3)
  2 giant cockroaches
  3 goblins
  4 hobgoblins
  3 kobolds (D:2)
  3 quokkas
  A frilled lizard (D:2)
  3 rats
37 creatures vanquished.

Notes
Turn   | Place    | Note
-------+----------+-------------------------------------------
     0 | D:1      | leavemydog the Deep Elf Conjurer began the quest for the
                  | Orb.
     0 | D:1      | Reached XP level 1. HP: 10/10 MP: 6/6
   354 | D:1      | Found a faded altar of an unknown god.
   376 | D:1      | Reached XP level 2. HP: 15/15 MP: 4/8
   422 | D:1      | Learned a level 2 spell: Searing Ray
   765 | D:1      | Reached skill level 5 in Conjurations
   938 | D:2      | Reached XP level 3. HP: 19/19 MP: 3/9
  1345 | D:2      | Found a broken altar of Ashenzari.
  1546 | D:2      | Reached XP level 4. HP: 24/24 MP: 6/11
  1599 | D:2      | Learned a level 4 spell: Iskenderun's Mystic Blast
  1720 | D:2      | Identified the +4 sling of Barnacled Absolution {freeze,
                  | Int+5 Dex+4}
  2133 | D:3      | Reached skill level 6 in Conjurations
  2137 | D:3      | HP: 1/24 [orc/+0 club (2)]
  2137 | D:3      | Slain by an orc

Illustrated notes

Levels and vault maps discovered:
D:1:      dpeg_arrival_central, layout_loops_cross,
          shapermc_ecumenical_altar_totnotflames
D:2:      layout_basic, basic_altar
D:3:      layout_rooms, mainiacjoe_overflow_24_doors

Skill      XL: |  1  2  3  4 |
---------------+-------------+-----
Conjurations   | 5 6 |  6.0
Spellcasting   | 4 |  4.2
Dodging        | |  2.4
Stealth        | |  2.4
Translocations | |  0.5

Action                   |  1- 3 |  4- 6 || total
-------------------------+-------+-------++-------
 Cast: Magic Dart        |    59 |    27 ||    86
  Use: Scroll            |       |     2 ||     2
       Potion            |       |     1 ||     1
Armor: Robe              |     5 |     2 ||     7
Dodge: Dodged            |     7 |     9 ||    16

Table legend: (Time is in decaauts)
 A = Elapsed time spent in this place.
 B = Non-inter-level travel time spent in this place.
 C = Inter-level travel time spent in this place.
 D = Time resting spent in this place.
 E = Time spent auto-exploring this place.
 F = Levels seen in this place.
 G = Mean time per level.
                   A        B        C        D        E       F      G
               +--------+--------+--------+--------+--------+-----+--------+
         Total |   2136 |   2061 |     75 |    207 |   1695 |   3 |  712.0 |
       Dungeon |   2136 |   2061 |     75 |    207 |   1695 |   3 |  712.0 |
               +--------+--------+--------+--------+--------+-----+--------+

Top non-repeatable levels by time:
     D:2: 1303 daAuts
     D:1: 789 daAuts
     D:3: 43 daAuts
